General information
- name: BNet
- type: Ladder team game (AT/RT)
- host: Battle.net
- saver: iggy_the_fisk
map: ScorchedBasin
- players: 4
- length: 11:54
- speed: Fast
- version: 1.21 W3XP
- replay type:

» download(79 KB)
Players
team 1 (loser)
L_Clan_12amses (
purple | 105 APM | 1225 actions | 11:41)
2 Far Seer
1 Feral Spirit
1 Chain Lighting
2 Shadow Hunter
1 Healing Wave
1 Hex
» actions
| Assign group hotkey | 21 | |
| Build / train | 56 | |
| Enter build submenu | 10 | |
| Enter hero's abilities submenu | 4 | |
| Give item / drop item | 1 | |
| Remove unit from queue | 1 | |
| Right click | 504 | |
| Select / deselect | 283 | |
| Select group hotkey | 286 | |
| Use ability | 59 | |
1225 total
» units
» upgrades
| Berserker Strength | 1 | |
| Ensnare | 1 | |
2 total
» buildings
| Altar of Storms | 1 | |
| Orc Burrow | 4 | |
| Barracks | 1 | |
| Voodoo Lounge | 1 | |
| War Mill | 1 | |
| Stronghold | 3 | |
| Beastiary | 1 | |
12 total
» build order
00:06 Altar of Storms
00:18 Orc Burrow
00:34 Barracks
01:28 Orc Burrow
02:21 Voodoo Lounge
03:23 Orc Burrow
03:25 War Mill
04:05 Stronghold
04:05 Stronghold
06:40 Beastiary
08:10 Orc Burrow
» items
| Healing Salve | 3 | |
| Lesser Clarity Potion | 4 | |
| Scroll of Speed | 2 | |
| Potion of Healing | 1 | |
10 total
L_Clan_Capoch (
green | 185 APM | 2197 actions | 11:53)
2 Keeper of the Grove
1 Entangling Roots
1 Force of Nature
2 Priestess of the Moon
1 Trueshot Aura
1 Searing Arrows
» actions
| Assign group hotkey | 29 | |
| Build / train | 55 | |
| ESC pressed | 1 | |
| Enter build submenu | 11 | |
| Enter hero's abilities submenu | 4 | |
| Give item / drop item | 1 | |
| Right click | 979 | |
| Select / deselect | 391 | |
| Select group hotkey | 660 | |
| Use ability | 66 | |
2197 total
» units
» upgrades
» buildings
| Altar of Elders | 1 | |
| Moon Well | 4 | |
| Ancient of War | 1 | |
| Ancient of Wonders | 2 | |
| Tree of Ages | 1 | |
| Hunter's Hall | 1 | |
| Ancient of Lore | 1 | |
11 total
» build order
00:04 Altar of Elders
00:17 Moon Well
01:27 Ancient of War
01:41 Moon Well
01:57 Moon Well
02:13 Ancient of Wonders
04:22 Ancient of Wonders
04:33 Moon Well
04:49 Tree of Ages
05:57 Hunter's Hall
07:14 Ancient of Lore
» items
| Lesser Clarity Potion | 3 | |
| Dust of Appearance | 1 | |
| Healing Salve | 1 | |
| Scroll of Healing | 1 | |
| Scroll of Protection | 1 | |
| Potion of Healing | 3 | |
10 total
team 2 (winner)

»
iggy_the_fisk (
pink | 109 APM | 1298 actions | 11:54)
3 Blademaster
1 Wind Walk
2 Critical Strike
3 Shadow Hunter
1 Hex
2 Healing Wave
» actions
| Assign group hotkey | 107 | |
| Basic commands | 19 | |
| Build / train | 50 | |
| Enter build submenu | 10 | |
| Enter hero's abilities submenu | 6 | |
| Remove unit from queue | 1 | |
| Right click | 599 | |
| Select / deselect | 178 | |
| Select group hotkey | 267 | |
| Use ability | 61 | |
1298 total
» units
| Peon | 7 | |
| Grunt | 11 | |
| Raider | 5 | |
| Spirit Walker | 4 | |
| Razormane Medicine Man | 1 | |
28 total
» upgrades
| Berserker Strength | 1 | |
| Ensnare | 1 | |
| Spirit Walker Training | 1 | |
| Pillage | 1 | |
4 total
» buildings
| Altar of Storms | 1 | |
| Orc Burrow | 4 | |
| Barracks | 1 | |
| Stronghold | 3 | |
| Voodoo Lounge | 1 | |
| Beastiary | 1 | |
| Spirit Lodge | 1 | |
12 total
» build order
00:04 Altar of Storms
00:18 Orc Burrow
00:36 Barracks
01:34 Orc Burrow
02:36 Stronghold
02:36 Stronghold
03:54 Voodoo Lounge
04:28 Orc Burrow
05:20 Beastiary
06:47 Spirit Lodge
07:53 Orc Burrow
» items
| Healing Salve | 2 | |
| Scroll of Town Portal | 1 | |
3 total

»
TIMG4STRok (
teal | 126 APM | 1503 actions | 11:54)
4 Blademaster
2 Wind Walk
2 Critical Strike
4 Shadow Hunter
2 Hex
2 Healing Wave
» actions
| Assign group hotkey | 19 | |
| Basic commands | 28 | |
| Build / train | 42 | |
| Enter build submenu | 10 | |
| Enter hero's abilities submenu | 8 | |
| Give item / drop item | 2 | |
| Right click | 694 | |
| Select / deselect | 120 | |
| Select group hotkey | 533 | |
| Use ability | 47 | |
1503 total
» units
» upgrades
| Berserker Strength | 1 | |
| Ensnare | 1 | |
| Pillage | 1 | |
3 total
» buildings
| Altar of Storms | 1 | |
| Orc Burrow | 5 | |
| Barracks | 1 | |
| Stronghold | 1 | |
| Voodoo Lounge | 1 | |
| Beastiary | 1 | |
| Fortress | 1 | |
| War Mill | 1 | |
12 total
» build order
00:07 Altar of Storms
00:13 Orc Burrow
00:27 Barracks
01:27 Orc Burrow
02:43 Stronghold
03:52 Orc Burrow
03:54 Voodoo Lounge
05:12 Beastiary
06:03 Orc Burrow
09:48 Fortress
09:51 Orc Burrow
09:55 War Mill
» items
| Scroll of Town Portal | 1 | |
| Healing Salve | 2 | |
| Lesser Clarity Potion | 2 | |
| Boots of Speed | 1 | |
6 total
Chat log
(11:52 / All) TIMG4STRok: gg